 Dungeon Crawl Stone Soup version 0.31.0-12-g77e489cdc1 (webtiles) character file.

Game seed: 13740275857974366234

15475 Pirtsi the Martial Artist (level 12, -2/95 HPs)
             Began as a Demonspawn Brigand on Mar 3, 2024.
             Was an Initiate of Gozag.
             Slain by a vampire (4 damage)
             ... on level 11 of the Dungeon.
             The game lasted 00:18:53 (14136 turns).

Pirtsi the Martial Artist (Demonspawn Brigand)     Turns: 14136, Time: 00:18:54

Health: -2/95      AC: 19    Str: 18    XL:     12   Next: 1%
Magic:  12/12      EV: 21    Int: 12    God:    Gozag
Gold:   1734       SH:  0    Dex: 19    Spells: 11/11 levels left

rFire   . . .        a - melded +2 dagger
rCold   . . .        (shield currently unavailable)
rNeg    . . .        k - melded +0 ring mail
rPois   .            r - +2 hat
rElec   .            q - +1 cloak {Will+}
rCorr   .            h - +0 pair of gloves
SInv    .            o - +0 pair of boots
Will    +....        (no amulet)
Stlth   +            T - +4 ring of protection
HPRegen 0.35/turn    S - +6 ring of strength
MPRegen 0.13/turn

%: no passive effects
@: flux-form, gold aura, sanguine armoured, glowing
A: glow, contaminating, spiny 1, sanguine armour 2, demonic magic 2, weakness
stinger 2
a: Begin Untransformation, Renounce Religion, Potion Petition, Call Merchant,
Bribe Branch


You were on level 11 of the Dungeon.
You worshipped Gozag.
Gozag was most pleased with you.
You were something dangerously unstable.
You visited 1 branch of the dungeon, and saw 11 of its levels.

You collected 2154 gold pieces.
You spent 396 gold pieces at shops.
You paid 24 gold pieces to Gozag.


Innate Abilities, Weirdness & Mutations

You are something dangerously unstable.
You glow with magical radiation, making you easy to see and hit.
Foes you strike become dangerously contaminated with magical radiation.
You are incapable of wielding weapons or throwing items.
You are partially covered in sharp spines.
When seriously injured, your blood forms thick armour. (AC +9)
Spells you cast may paralyse nearby enemies.
You have a tail ending in a sharp stinger.


   Skills:
 + Level 9.0 Fighting
 - Level 2.0 Short Blades
 - Level 3.0 Throwing
 - Level 8.0 Dodging
 - Level 4.0 Stealth
 - Level 9.0 Unarmed Combat
 + Level 4.1 Evocations
 - Level 9.0 Shapeshifting


You had 11 spell levels left.
You didn't know any spells.
Your spell library contained the following spells:

 Spells                   Type           Power      Damage    Failure   Level
 Apportation              Tloc           0%         N/A       32%         1
 Kiss of Death            Conj/Necr      0%         2d5       32%         1
 Shock                    Conj/Air       0%         1d3       32%         1
 Slow                     Hex            0%         N/A       32%         1
 Blink                    Tloc           0%         N/A       45%         2
 Call Imp                 Summ           0%         N/A       45%         2
 Lesser Beckoning         Tloc           0%         N/A       45%         2
 Momentum Strike          Conj/Tloc      0%         3d8       45%         2
 Sublimation of Blood     Necr           0%         N/A       45%         2
 Confusing Touch          Hex            0%         N/A       69%         3
 Gell's Gravitas          Tloc           0%         N/A       69%         3
 Sigil of Binding         Hex            0%         N/A       69%         3
 Swiftness                Air            0%         N/A       69%         3
 Teleport Other           Tloc           0%         N/A       69%         3
 Vampiric Draining        Necr           0%         2d6       69%         3
 Airstrike                Air            0%         2d(0-16)  97%         4
 Dispel Undead            Necr           0%         3d6       97%         4
 Iskenderun's Mystic Bla  Conj/Tloc      0%         2d3       97%         4
 Alistair's Intoxication  Alch           0%         N/A       100%        5
 Borgnjor's Vile Clutch   Necr/Erth      0%         N/A       100%        5
 Eringya's Noxious Bog    Alch           0%         4d6       100%        6
 Malign Gateway           Summ/Tloc      0%         N/A       100%        7
 Summon Hydra             Summ           0%         N/A       100%        7
 Summon Horrible Things   Summ           0%         N/A       100%        8

Inventory:

Hand Weapons
 a - a +2 dagger (melded)
Missiles
 d - 23 poisoned darts
 e - 7 curare-tipped darts (quivered) {=f}
Armour
 h - a +0 pair of gloves (worn)
 k - a +0 ring mail (melded)
 o - a +0 pair of boots (worn)
 q - a +1 cloak of willpower (worn)
 r - a +2 hat (worn)
Jewellery
 L - a ring of flight
 P - a ring of poison resistance
 R - a ring of resist corrosion
 S - a +6 ring of strength (right hand)
 T - a +4 ring of protection (left hand)
Talismans
 l - a flux talisman (active)
Wands
 D - a wand of acid (14)
 F - a wand of iceblast (26)
 I - a wand of paralysis (14)
Scrolls
 b - a scroll of silence {unknown}
 f - 5 scrolls of teleportation {@r2}
 g - 3 scrolls of noise {unknown}
 n - 3 scrolls of enchant weapon {unknown}
 s - 3 scrolls of immolation {unknown}
 t - 4 scrolls of blinking {unknown}
 u - 2 scrolls of amnesia {unknown}
 v - 2 scrolls of torment {unknown}
 w - 2 scrolls of poison {unknown}
 y - 2 scrolls of brand weapon {unknown}
 A - a scroll of revelation {unknown}
 B - 2 scrolls of enchant armour {unknown}
 E - a scroll of identify {@r1}
 K - 3 scrolls of fear {unknown}
 M - a scroll of vulnerability {unknown}
 N - a scroll of fog {unknown}
Potions
 c - 2 potions of magic
 i - 4 potions of haste {@q3}
 j - 2 potions of resistance {unknown}
 m - 2 potions of attraction {unknown}
 p - 3 potions of enlightenment
 x - a potion of ambrosia
 z - 4 potions of mutation
 C - 6 potions of heal wounds {@q2}
 G - 2 potions of brilliance
 J - 2 potions of lignification
 O - 2 potions of curing {unknown}

Dungeon Overview and Level Annotations

Branches:
Dungeon (11/15)            Temple (0/1) D:4            Lair (0/5) D:9
    Orc: D:9-12

Altars:
Gozag
Okawaru

Shops:
D:3 *   D:6 (   D:7 ( D:10

! ..▒ ▒'''▒ ............#
..▒ ▒▒▒▒.▒▒▒▒▒............#
..▒▒▒.......▒▒............#
..▒...▒...▒..▒...########.#
..▒..........▒...# #.#
.)▒.....#....▒...########.#
.)...............#........#
............▒..K.#........#
.....###..#....{p#........#
.##### #..#####W##........#
########..# #...........#
#.........#######.........#
#.........................#
#######...................#
#...................#
#######...................#
..........................#


You could see a kobold brigand and a shadow.


Message History

* * * LOW HITPOINT WARNING * * *
The vampire draws strength from your injuries!
You barely miss the vampire.
You tail-slap the vampire, but do no damage.
The vampire is lightly damaged.
You feel less confused.
The kobold brigand hits you but does no damage.
The shadow strikes at you from the darkness!
* * * LOW HITPOINT WARNING * * *
Reactivating autopickup.
You hit the vampire but do no damage.
The vampire glows dangerously bright.
You tail-slap the vampire, but do no damage.
The vampire is lightly damaged.
The vampire closely misses you.
The vampire bites you but does no damage.
The kobold brigand is struck by your spines.
The kobold brigand completely misses you.
The shadow hits you.
You punch the vampire!
The vampire shudders as magic cascades through it!
Deactivating autopickup; reactivate with Ctrl-A.
Something draws life force from you!
* * * LOW HITPOINT WARNING * * *
The kobold brigand is struck by your spines.
The kobold brigand completely misses you.
The shadow is struck by your spines. The shadow misses you.
You barely miss something. You tail-slap something.
Something barely misses you. Something bites you.
You die...
Your body crumbles into a pile of gold.

Skill      XL: |  1  2  3  4  5  6  7  8  9 10 11 |
---------------+----------------------------------+-----
Fighting       | 3 5 6 7 9 |  9.0
Short Blades   | 2 |  2.0
Dodging        | 1 4 6 8 |  8.0
Stealth        | 4 |  4.0
Throwing       | 3 |  3.0
Shapeshifting  | 3 4 5 7 8 9 |  9.0
Unarmed Combat | 2 4 5 6 9 |  9.0
Evocations     | 4 |  4.1

Action                     |  1- 3 |  4- 6 |  7- 9 | 10-12 || total
---------------------------+-------+-------+-------+-------++-------
  Melee: Dagger            |   145 |    65 |   172 |       ||   382
         Punch             |     3 |     1 |     9 |       ||    13
         Tailslap          |       |    11 |    66 |    68 ||   145
         Unarmed           |       |       |   174 |   362 ||   536
  Throw: Dart              |     1 |     2 |       |       ||     3
  Evoke: Wand              |       |       |       |     7 ||     7
    Use: Scroll            |       |       |     1 |     6 ||     7
   Stab: Sleeping          |     5 |     7 |     4 |     5 ||    21
         Distracted        |       |       |     2 |     3 ||     5
 Armour: Robe              |    28 |       |       |       ||    28
         Ring mail         |    59 |    53 |   117 |       ||   229
         Skin              |       |       |    85 |   184 ||   269
  Dodge: Dodged            |    57 |    39 |   182 |   325 ||   603
   Form: Flux              |       |       |     1 |       ||     1

Levels and vault maps discovered:
D:1:      dpeg_arrival_central, layout_basic
D:2:      layout_basic, minmay_diced_spiral, uniq_robin, uniq_sigmund,
          uniq_crazy_yiuf_cottage
D:3:      layout_loops_cross, nicolae_overflow_crystal_walls, serial_shops, shop
D:4:      layout_rooms, minmay_temple_entry_stoned_glass, uniq_natasha,
          uniq_pargi
D:5:      layout_cave_pods, grunt_ministairs_7, uniq_edmund
D:6:      layout_cave_pods, serial_shops, nicolae_shop_just_a_little_nook,
          eino_tiny_chamber, grunt_ministairs_7, uniq_eustachio, uniq_menkaure,
          uniq_jeremiah
D:7:      layout_layer_cave, nicolae_elyvilon_temple_path,
          mainiacjoe_overflow_surrounded_room, zin_statuary, serial_shops,
          shop_statue
D:8:      layout_gridville
D:9:      layout_stronghold, erik_lair_island, serial_bayou,
          serial_bayou_ford_a, serial_bayou_shore_a, serial_bayou_crossing,
          serial_bayou_lagoon_a, serial_bayou_pond_d
D:10:     layout_basic, serial_shops, shop, uniq_gastronok
D:11:     regret_index_dithmenos_penumbral_divide, layout_long_grid

Notes
Turn   | Place    | Note
-------+----------+-------------------------------------------
     0 | D:1      | Pirtsi the Demonspawn Brigand began the quest for the Orb.
     0 | D:1      | Reached XP level 1. HP: 16/16 MP: 1/1
   152 | D:1      | Gained mutation: When seriously injured, your blood forms
                  | armour. (AC +9) [demonic ancestry]
   152 | D:1      | Reached XP level 2. HP: 3/23 MP: 2/2
   354 | D:1      | Reached skill level 3 in Fighting
   462 | D:1      | Reached skill level 2 in Short Blades
   657 | D:1      | Reached skill level 1 in Dodging
  1027 | D:2      | Noticed Sigmund
  1204 | D:2      | Gained mutation: When seriously injured, your blood forms
                  | thick armour. (AC +9) [demonic ancestry]
  1204 | D:2      | Reached XP level 3. HP: 29/29 MP: 3/3
  1207 | D:2      | Reached skill level 4 in Stealth
  1378 | D:2      | Reached skill level 2 in Throwing
  1398 | D:2      | Noticed Robin
  1430 | D:2      | Killed Robin
  1790 | D:2      | Killed Sigmund
  1791 | D:2      | Reached skill level 3 in Throwing
  1791 | D:2      | Reached skill level 3 in Shapeshifting
  1791 | D:2      | Reached XP level 4. HP: 33/35 MP: 4/4
  1791 | D:2      | Gained mutation: You are partially covered in sharp spines.
                  | [demonic ancestry]
  1791 | D:2      | Reached XP level 5. HP: 39/41 MP: 5/5
  1840 | D:2      | Found a runed translucent door.
  1841 | D:2      | Noticed Crazy Yiuf
  1925 | D:2      | Killed Crazy Yiuf
  2160 | D:3      | Gained mutation: You have a small tail. [demonic ancestry]
  2160 | D:3      | Reached XP level 6. HP: 40/47 MP: 6/6
  2248 | D:2      | Reached skill level 1 in Unarmed Combat
  2627 | D:3      | Found an opulent altar of Gozag.
  2695 | D:3      | Became a worshipper of Gozag Ym Sagoz the Greedy
  2963 | D:3      | Found Tixaoch's Assorted Antiques.
  3018 | D:3      | Bought a fizzy pink potion for 26 gold pieces
  3018 | D:3      | Bought a robe for 20 gold pieces
  3018 | D:3      | Bought a scroll labelled HIUSHE YSEUWEM for 29 gold pieces
  3227 | D:4      | Noticed Pargi
  3236 | D:4      | Killed Pargi
  3237 | D:4      | Reached skill level 2 in Unarmed Combat
  3237 | D:4      | Reached skill level 4 in Shapeshifting
  3281 | D:4      | Found a staircase to the Ecumenical Temple.
  3283 | D:4      | Reached XP level 7. HP: 52/52 MP: 7/7
  3299 | D:4      | Noticed Natasha
  3324 | D:4      | Killed Natasha
  3419 | D:4      | Reached skill level 3 in Unarmed Combat
  3859 | D:4      | Noticed Natasha
  3865 | D:4      | Killed Natasha
  3890 | D:5      | Entered Level 5 of the Dungeon
  3890 | D:5      | Noticed Edmund
  3951 | D:4      | Killed Edmund
  3952 | D:4      | Reached skill level 5 in Shapeshifting
  4126 | D:5      | Reached skill level 4 in Unarmed Combat
  4433 | D:5      | Gained mutation: You have a tail ending in a sharp stinger.
                  | [demonic ancestry]
  4433 | D:5      | Reached XP level 8. HP: 57/58 MP: 8/8
  4458 | D:5      | Reached skill level 6 in Shapeshifting
  5281 | D:6      | Reached skill level 7 in Shapeshifting
  5467 | D:6      | Noticed Menkaure
  5469 | D:6      | Found Kusan's Antique Weapon Emporium.
  5475 | D:6      | Killed Menkaure
  5476 | D:6      | Reached skill level 4 in Fighting
  5753 | D:6      | Noticed Eustachio
  5764 | D:6      | Killed Eustachio
  5765 | D:6      | Reached skill level 5 in Fighting
  5765 | D:6      | Reached skill level 5 in Unarmed Combat
  5828 | D:6      | Gained mutation: Spells you cast may paralyse adjacent
                  | enemies. [demonic ancestry]
  5828 | D:6      | Reached XP level 9. HP: 56/68 MP: 9/9
  6136 | D:6      | Noticed Jeremiah
  6136 | D:6      | Paralysed by Jeremiah for 4 turns
  6170 | D:6      | Killed Jeremiah
  6191 | D:6      | Got the Directory of the Voyage
  6546 | D:3      | Bought a scroll labelled ROUNILABUNN for 29 gold pieces
  6546 | D:3      | Bought a scroll labelled VEOL CAOSS for 29 gold pieces
  6546 | D:3      | Bought a scroll labelled OFOREO DEEPT for 29 gold pieces
  6546 | D:3      | Bought a scroll labelled VYJ TOBETEPOUTOI for 29 gold
                  | pieces
  6546 | D:3      | Bought a scroll labelled NAONEKLOETUSM for 29 gold pieces
  6761 | D:7      | Reached skill level 2 in Dodging
  6882 | D:7      | Found an iron altar of Okawaru.
  6918 | D:7      | Found Migoal's Weapon Boutique.
  7839 | D:7      | Reached skill level 6 in Fighting
  7843 | D:7      | Reached skill level 3 in Dodging
  8206 | D:7      | Reached skill level 6 in Unarmed Combat
  8744 | D:8      | Reached skill level 4 in Dodging
  8831 | D:8      | Reached skill level 8 in Shapeshifting
  8834 | D:8      | Reached XP level 10. HP: 67/76 MP: 10/10
  8867 | D:8      | Reached skill level 5 in Dodging
  9707 | D:8      | Reached skill level 6 in Dodging
 10739 | D:9      | Found a staircase to the Lair.
 10782 | D:9      | Reached skill level 7 in Fighting
 10782 | D:9      | Reached skill level 7 in Unarmed Combat
 11305 | D:9      | Noticed a two-headed ogre
 11322 | D:9      | Paralysed by a hornet for 1 turns
 11324 | D:9      | Reached skill level 8 in Unarmed Combat
 11330 | D:9      | Killed a two-headed ogre
 11578 | D:9      | Noticed a cyclops
 11586 | D:9      | Killed a cyclops
 11587 | D:9      | Reached skill level 9 in Unarmed Combat
 11757 | D:10     | Entered Level 10 of the Dungeon
 11932 | D:10     | Reached XP level 11. HP: 72/84 MP: 11/11
 12075 | D:10     | Noticed Gastronok
 12115 | D:10     | Killed Gastronok
 12686 | D:10     | Found Peladgheomau's Distillery.
 12691 | D:10     | Bought 2 potions of brilliance for 88 gold pieces
 12691 | D:10     | Bought a potion of magic for 88 gold pieces
 13077 | D:11     | Noticed a two-headed ogre
 13077 | D:11     | Noticed a two-headed ogre
 13092 | D:11     | Killed a two-headed ogre
 13093 | D:11     | Reached skill level 8 in Fighting
 13093 | D:11     | Reached skill level 1 in Evocations
 13096 | D:11     | Killed a two-headed ogre
 13097 | D:11     | Reached skill level 7 in Dodging
 13196 | D:11     | Noticed a two-headed ogre
 13205 | D:11     | Killed a two-headed ogre
 13206 | D:11     | Reached skill level 2 in Evocations
 13498 | D:11     | Identified the +9 hand axe of the Living Dead {freeze,
                  | Str+8}
 13544 | D:11     | Noticed a boulder beetle
 13568 | D:11     | Killed a boulder beetle
 13569 | D:11     | Reached skill level 3 in Evocations
 13569 | D:11     | Reached skill level 9 in Shapeshifting
 13781 | D:11     | Noticed a two-headed ogre
 13782 | D:11     | Noticed a two-headed ogre
 13786 | D:11     | Killed a two-headed ogre
 13789 | D:11     | Killed a two-headed ogre
 13793 | D:11     | Reached skill level 9 in Fighting
 13978 | D:11     | Reached skill level 4 in Evocations
 14122 | D:11     | Reached skill level 8 in Dodging
 14122 | D:11     | Gained mutation: Spells you cast may paralyse nearby
                  | enemies. [demonic ancestry]
 14122 | D:11     | Reached XP level 12. HP: 57/95 MP: 12/12
 14135 | D:11     | HP: 1/95 [something (12)]
 14136 | D:11     | Slain by a vampire

Vanquished Creatures
  Gastronok (D:10)
  A boulder beetle (D:11)
  6 two-headed ogres
  A cyclops (D:9)
  2 kobold demonologists (D:10)
  Jeremiah (D:6)
  4 trolls
  A hornet (D:9)
  3 shadows (D:11)
  A wraith (D:10)
  Sigmund (D:2)
  2 wyverns (D:9)
  7 yaks
  3 vampires
  Eustachio (D:6)
  A steam dragon (D:6)
  Menkaure (D:6)
  Edmund (D:4)
  3 acid dragons
  2 water moccasins (D:7)
  5 orc warriors
  Pargi (D:4)
  2 black bears
  An ice beast (D:6)
  2 ogres (D:11)
  2 sky beasts
  3 centaurs
  A phantom (D:6)
  5 kobold brigands
  3 bullfrogs
  A gnoll sergeant (D:9)
  3 scorpions
  5 wights
  5 killer bees (D:9)
  5 electric eels (D:9)
  A howler monkey (D:6)
  11 hounds
  7 orc priests
  A bombardier beetle (D:6)
  2 jellies
  Crazy Yiuf (D:2)
  3 gnoll boudas
  4 iguanas
  A sleepcap (D:7)
  Natasha (twice) (D:4)
  12 orc wizards
  Robin (D:2)
  20 gnolls
  3 adders
  2 white imps
  A ribbon worm (D:3)
  2 dart slugs
  34 orcs
  6 ball pythons
  9 endoplasms
  4 giant cockroaches
  13 goblins
  3 hobgoblins
  14 kobolds
  6 quokkas
  2 bats
  5 frilled lizards
  5 rats
262 creatures vanquished.

Table legend: (Time is in decaauts)
 A = Elapsed time spent in this place.
 B = Non-inter-level travel time spent in this place.
 C = Inter-level travel time spent in this place.
 D = Time resting spent in this place.
 E = Time spent auto-exploring this place.
 F = Levels seen in this place.
 G = Mean time per level.
                   A        B        C        D        E       F      G
               +--------+--------+--------+--------+--------+-----+--------+
         Total |  14066 |  13523 |    543 |   1827 |   9606 |  11 | 1278.7 |
       Dungeon |  14066 |  13523 |    543 |   1827 |   9606 |  11 | 1278.7 |
               +--------+--------+--------+--------+--------+-----+--------+

Top non-repeatable levels by time:
     D:9: 1838 daAuts
     D:7: 1630 daAuts
     D:8: 1582 daAuts
     D:5: 1307 daAuts
    D:11: 1269 daAuts
     D:2: 1256 daAuts
     D:6: 1187 daAuts
     D:1: 1174 daAuts
    D:10: 1077 daAuts
     D:3: 928 daAuts
     D:4: 813 daAuts

Table legend:
 A = Non-vault XP
 B = Vault XP
 C = Vault XP percentage of total XP
 D = Non-vault monster count
 E = Vault monster count
 F = Vault count percentage of total count
                 A         B        C        D         E       F
            +---------+---------+-------+---------+---------+-------
      Total |   11591 |   10517 |  47.6 |     209 |      53 |  20.2
            +---------+---------+-------+---------+---------+-------
        D:1 |      39 |       0 |   0.0 |      24 |       0 |   0.0
        D:2 |      28 |     293 |  91.3 |       9 |      17 |  65.4
        D:3 |     168 |       0 |   0.0 |      19 |       0 |   0.0
        D:4 |     334 |     325 |  49.3 |      24 |       3 |  11.1
        D:5 |     545 |     158 |  22.5 |      19 |       4 |  17.4
        D:6 |     401 |    1030 |  72.0 |       6 |       5 |  45.5
        D:7 |    1260 |       0 |   0.0 |      21 |       0 |   0.0
        D:8 |    2074 |       0 |   0.0 |      29 |       0 |   0.0
        D:9 |    3454 |     602 |  14.8 |      31 |       8 |  20.5
       D:10 |    2388 |    1549 |  39.3 |      19 |       1 |   5.0
       D:11 |     900 |    6560 |  87.9 |       8 |      15 |  65.2
            +---------+---------+-------+---------+---------+-------
